 Dungeon Crawl Stone Soup version 0.20.1-1-g8b1a95d (webtiles) character file.

132 Jazqa the Skirmisher (level 4, -3/55 HPs)
             Began as a Demonspawn Abyssal Knight on Oct 31, 2017.
             Was a Follower of Lugonu.
             Slain by bmj180's ghost (5 damage)
             ... on level 3 of the Dungeon.
             The game lasted 00:03:24 (1900 turns).

Jazqa the Skirmisher (Demonspawn Abyssal Knight)    Turns: 1900, Time: 00:03:24

Health: -3/55      AC: 22    Str: 12 (13) XL:     4   Next: 92%
Magic:  6/6        EV:  2    Int: 12 (13) God:    Lugonu [*.....]
Gold:   105        SH:  0    Dex: 10 (13) Spells: 3/3 levels left

rFire    . . .     SeeInvis .   k - +2 whip (vamp)
rCold    . . .     Gourm    .   (no shield)
rNeg     + + +     Faith    .   (armour currently unavailable)
rPois    +         Spirit   .   (helmet currently unavailable)
rElec    .         Reflect  .   (cloak currently unavailable)
rCorr    .         Harm     .   (gloves currently unavailable)
MR       .....     NoTele   +   (boots currently unavailable)
Stlth    +.........             (no amulet)
Regen    0.2/turn               (no ring)
MPRegen  0.1/turn               (no ring)

@: tree-form, drained
A: powered by death 1, rot immunity
a: Depart the Abyss, Renounce Religion


You were on level 3 of the Dungeon.
You worshipped Lugonu.
Lugonu was aware of your devotion.
You were not hungry.
You were a tree.
You visited 1 branch of the dungeon, and saw 3 of its levels.
You visited the Abyss 1 time.

You collected 105 gold pieces.


Innate Abilities, Weirdness & Mutations

You regenerate a little health from kills.
You are immune to rotting.


   Skills:
 + Level 4.0(3.9) Fighting
 + Level 2.9 Maces & Flails
 - Level 2.0(1.9) Armour
 + Level 2.1 Dodging
 - Level 3.0 Invocations


You had 3 spell levels left.
You didn't know any spells.

Inventory:

Hand Weapons
 k - a +2 vampiric whip (weapon)
Missiles
 a - a throwing net (quivered) {=f}
Armour
 b - a +0 leather armour
 e - a +0 helmet (melded)
 i - a +1 cloak (melded)
 n - a +1 ring mail of fire resistance
 o - a cursed -2 ring mail (melded)
Magical Staves
 p - an uncursed staff of summoning {unknown}
Jewellery
 F - an uncursed ring of fire
Wands
 l - a wand of random effects (39/48)
Potions
 g - a potion of brilliance
Comestibles
 c - a meat ration {@e1}
 f - 7 chunks of flesh
 h - 2 fruits {@e2}
 j - a bread ration {@e1}

Dungeon Overview and Level Annotations

Branches:
Dungeon (3/15)

Altars:

Annotations:
D:3 bmj180's ghost, amateur HOFi

##.####.# #.# #.#
....... #.# #.# .......
#.# #.# ...... #.# #.#
....# #.# #.# ....#
#.####.# ...
#....#.#########'######
####.#......♣WS.>.....+
#.##################
#.# #...........#
#.####.####...##.#
#......####.[.##.#
########..'....#.#
######.##....#.#
#......##....#.#
#............#.#


You could see bmj180's ghost and an adder.


Message History

Bmj180's ghost hits you but does no damage.
You hit bmj180's ghost.
Bmj180's ghost is moderately damaged.
Bmj180's ghost hits you but does no damage.
You hit bmj180's ghost.
Bmj180's ghost is moderately damaged.
Bmj180's ghost hits you but does no damage.
You hit bmj180's ghost.
Bmj180's ghost is heavily damaged.
Bmj180's ghost hits you but does no damage.
You closely miss bmj180's ghost.
Bmj180's ghost is heavily damaged.
You hit bmj180's ghost but do no damage.
Bmj180's ghost is heavily damaged.
Bmj180's ghost barely misses you.
You hit bmj180's ghost.
Bmj180's ghost is heavily damaged.
Bmj180's ghost hits you!
* * * LOW HITPOINT WARNING * * *
You hit bmj180's ghost but do no damage.
Bmj180's ghost is heavily damaged.
Bmj180's ghost hits you but does no damage.
You barely miss bmj180's ghost.
Bmj180's ghost is heavily damaged.
Bmj180's ghost hits you.
* * * LOW HITPOINT WARNING * * *
You hit bmj180's ghost but do no damage.
Bmj180's ghost is heavily damaged.
Bmj180's ghost hits you.
You die...

Skill      XL: |  1  2  3  4 |
---------------+-------------+-----
Maces & Flails | 2 |  2.9
Invocations    | 3 |  3.0
Dodging        | 1 2 |  2.1
Armour         | 2 |  2.0
Fighting       | 4 |  4.0

Action                   |  1- 3 |  4- 6 || total
-------------------------+-------+-------++-------
Melee: Mace              |    70 |       ||    70
       Whip              |    28 |    73 ||   101
Invok: Depart the Abyss  |     1 |       ||     1
  Use: Scroll            |     1 |     3 ||     4
       Potion            |       |     2 ||     2
  Eat: Chunk             |     1 |     2 ||     3
       Bread ration      |     1 |       ||     1
Armor: Leather armour    |    63 |     1 ||    64
       Ring mail         |       |    19 ||    19
       Skin              |       |    10 ||    10
Dodge: Dodged            |    66 |    23 ||    89

Vault maps used:
D:1:      eino_arrival_water_cross, hangedman_decor_slide_cut,
          hangedman_decor_peaks_small
D:2:      interstate_on_off, uniq_crazy_yiuf_cottage, uniq_jessica
Abyss:1:  kilobyte_mutagenic_chamber

Notes
Turn   | Place    | Note
-------+----------+-------------------------------------------
     0 | Abyss:1  | Jazqa the Demonspawn Abyssal Knight began the quest for the Orb.
     0 | Abyss:1  | Reached XP level 1. HP: 18/18 MP: 2/2
     2 | D:1      | You pass through the gate.
     2 | D:1      | Escaped the Abyss
   207 | D:1      | Reached skill level 2 in Maces & Flails
   210 | D:1      | Reached skill level 3 in Invocations
   224 | D:1      | Gained mutation: You are immune to rotting. [demonic ancestry]
   224 | D:1      | Reached XP level 2. HP: 22/24 MP: 4/4
   286 | D:1      | Reached * piety under Lugonu
   330 | D:1      | Reached skill level 1 in Dodging
   490 | D:1      | Gained mutation: You regenerate a little health from kills. [demonic ancestry]
   490 | D:1      | Reached XP level 3. HP: 18/29 MP: 5/5
   907 | D:2      | Reached skill level 2 in Armour
   951 | D:2      | Noticed Jessica
   963 | D:2      | Killed Jessica
  1021 | D:2      | Reached XP level 4. HP: 36/36 MP: 6/6
  1425 | D:2      | Reached skill level 2 in Dodging
  1560 | D:2      | Found a runed door.
  1699 | D:2      | Noticed Crazy Yiuf
  1707 | D:2      | Killed Crazy Yiuf
  1707 | D:2      | Reached skill level 4 in Fighting
  1871 | D:3      | Noticed bmj180's ghost (amateur HOFi)
  1897 | D:3      | HP: 5/55 [bmj180's ghost (9)]
  1899 | D:3      | HP: 2/55 [bmj180's ghost (4)]
  1900 | D:3      | Slain by bmj180's ghost

Vanquished Creatures
  Crazy Yiuf (D:2)
  Jessica (D:2)
  2 adders (D:2)
  An ooze (D:1)
  A worm (D:2)
  3 dart slugs
  2 leopard geckos
  2 ball pythons
  3 bats (D:1)
  4 giant cockroaches
  5 goblins (D:1)
  3 hobgoblins
  8 kobolds
  A quokka (D:2)
  2 frilled lizards
  8 rats
47 creatures vanquished.
